 Dungeon Crawl Stone Soup version 0.21.1-1-g345015f (webtiles) character file.

105 tidbits the Digger (level 4, 26/32 HPs)
             Began as a Gnoll Earth Elementalist on Feb 8, 2018.
             Quit the game on level 2 of the Dungeon.
             The game lasted 00:02:52 (220 turns).

tidbits the Digger (Gnoll Earth Elementalist)        Turns: 220, Time: 00:02:53

Health: 26/32      AC:  3    Str: 10    XL:     4   Next: 81%
Magic:  4/11       EV: 15    Int: 18    God:
Gold:   45         SH:  0    Dex: 16    Spells: 10/13 levels left

rFire    . . .     SeeInvis .   a - +0 dagger
rCold    . . .     Gourm    .   (no shield)
rNeg     . . .     Faith    .   c - +1 robe
rPois    .         Spirit   .   (no helmet)
rElec    .         Reflect  .   (no cloak)
rCorr    .         Harm     .   (no gloves)
MR       .....                  (no boots)
Stlth    +++.......             g - amulet of inaccuracy (curse)
HPRegen  0.10/turn              (no ring)
MPRegen  0.12/turn              (no ring)

@: no status effects
A: distributed training, fangs 1, strong nose
a: no special abilities


You were on level 2 of the Dungeon.
You were not hungry.

You visited 1 branch of the dungeon, and saw 2 of its levels.

You collected 45 gold pieces.

Inventory:

Hand Weapons
 a - a +0 dagger (weapon)
Missiles
 b - 26 stones (quivered)
Armour
 c - a +1 robe (worn)
 h - a +0 pair of gloves
Jewellery
 g - a cursed amulet of inaccuracy (around neck)
   (You found it on level 1 of the Dungeon)
Potions
 f - 2 potions of curing {unknown}
Books
 e - a book of Geomancy

   Spells                             Type                      Level
   a - Sandblast                      Earth                        1
   b - Passwall                       Transmutation/Earth          2
   c - Stone Arrow                    Conjuration/Earth            3
   d - Petrify                        Transmutation/Earth          4
   e - Lee's Rapid Deconstruction     Earth                        5
Comestibles
 d - 2 rations


   Skills:
 + Level 1.2 Fighting
 + Level 1.2 Short Blades
 + Level 1.2 Long Blades
 + Level 1.2 Axes
 + Level 1.2 Maces & Flails
 + Level 1.2 Polearms
 + Level 1.2 Staves
 + Level 1.2 Slings
 + Level 1.2 Bows
 + Level 1.2 Crossbows
 + Level 1.2 Throwing
 + Level 1.2 Armour
 + Level 4.7 Dodging
 + Level 4.3 Stealth
 + Level 1.2 Shields
 + Level 1.2 Unarmed Combat
 + Level 5.1 Spellcasting
 + Level 1.0 Conjurations
 + Level 1.0 Hexes
 + Level 1.0 Charms
 + Level 1.0 Summonings
 + Level 1.0 Necromancy
 + Level 1.0 Translocations
 + Level 2.3 Transmutations
 + Level 1.0 Fire Magic
 + Level 1.0 Ice Magic
 + Level 1.0 Air Magic
 + Level 5.5 Earth Magic
 + Level 1.0 Poison Magic
 + Level 1.3 Invocations
 + Level 1.2 Evocations


You had 10 spell levels left.
You knew the following spells:

 Your Spells              Type           Power        Failure   Level  Hunger
a - Sandblast             Erth           ###...       1%          1    None
p - Passwall              Tmut/Erth      ###.......   4%          2    #......


Dungeon Overview and Level Annotations

Branches:
Dungeon (2/15)

Altars:


Innate Abilities, Weirdness & Mutations

Your experience applies equally to all skills.
You have very sharp teeth.
Your uncanny sense of smell can sniff out nearby items.


Message History

A frilled lizard, a goblin and a kobold come into view.
Found four items.
There is a stone staircase leading down here.
The helpless kobold fails to defend itself.
You puncture the kobold!
You kill the kobold!
The goblin shouts!
The frilled lizard hisses angrily.
Found a viscous white potion and 18 stones.
Things that are here:
a dagger; 2 stones; a kobold corpse
b - 14 stones (gained 2)
A hobgoblin comes into view. It is wielding a club.
The hobgoblin shouts!
You see here a viscous white potion.
Casting: Sandblast
Confirm with . or Enter, or press ? or * to list all spells.
Aiming: Sandblast
Press: ? - help, Shift-Dir - straight line, f - hobgoblin
Aim: a hobgoblin, wielding a club The blast of sand misses the hobgoblin.
b - 13 stones
Casting: Sandblast
Confirm with . or Enter, or press ? or * to list all spells.
Aiming: Sandblast
Press: ? - help, Shift-Dir - straight line, f/p - hobgoblin
Aim: a hobgoblin, wielding a club The blast of sand hits the hobgoblin.
You kill the hobgoblin!
b - 12 stones
f - a viscous white potion
Casting: Sandblast
Confirm with . or Enter, or press ? or * to list all spells.
Aiming: Sandblast
Press: ? - help, Shift-Dir - straight line, f - frilled lizard
Aim: a frilled lizard The blast of sand hits the frilled lizard.
You kill the frilled lizard!
b - 11 stones
Casting: Sandblast
Confirm with . or Enter, or press ? or * to list all spells.
Aiming: Sandblast
Press: ? - help, Shift-Dir - straight line, f - goblin
Aim: a goblin, wielding a dagger The blast of sand hits the goblin.
You kill the goblin!
b - 10 stones A kobold comes into view.
You see here 18 stones.
b - 28 stones (gained 18)
Things that are here:
a dagger; a goblin corpse
Things that are here:
a dagger; a kobold corpse You see here 5 gold pieces.
You now have 30 gold pieces (gained 5).
Found a thick silver amulet.
Casting: Sandblast
Confirm with . or Enter, or press ? or * to list all spells.
Aiming: Sandblast
Press: ? - help, Shift-Dir - straight line, f - kobold
Aim: a kobold (hasn't noticed you)
The blast of sand hits the kobold.
You kill the kobold!
b - 27 stones
Found 4 gold pieces.
You see here a thick silver amulet.
g - a thick silver amulet Put on which piece of jewellery? (? for menu, Esc to quit)
You don't have any such object.
Put on which piece of jewellery? (? for menu, Esc to quit)
Oops, that amulet feels deathly cold.
g - a cursed amulet of inaccuracy (around neck)
Okay, then.
You see here a pair of gloves.
h - a pair of gloves A goblin comes into view.
It is wielding a club.
The goblin shouts!
Found 3 gold pieces.
A goblin comes into view.
You see here a viscous white potion.
f - 2 viscous white potions (gained 1)
There is a stone staircase leading down here.
You climb downwards.
There is a stone staircase leading up here.
Unknown command.
The orc shouts! x2
Found 7 arrows and a fuming clear potion.
You see here 15 gold pieces.
You now have 45 gold pieces (gained 15).
You see here 7 arrows.
You see here a fuming clear potion.
Casting: Sandblast
Confirm with . or Enter, or press ? or * to list all spells.
Aiming: Sandblast
Press: ? - help, Shift-Dir - straight line, f - orc
Aim: an orc The blast of sand misses the orc.
b - 26 stones The orc closely misses you.
Are you sure you want to abandon this character and quit the game? (Confirm with "yes".)

#. #..## .....####
...........## #..#
#....... #..#
##.##.#. # #..#
#>##)## ####.####
#..# #.##.##
#.....@.# #..#
#.##.## #.#####o#
#..# #.##)#
#o###..# #.##[#
#.....<# ##.##.##
#..##.####.......
#..##.........#..
....##.####......#
.###.##.# ######.#
# #.##.# #.#


You could see 2 orcs.

Vanquished Creatures
  2 orc wizards (D:2)
  Jessica (D:2)
  An adder (D:2)
  4 orcs (D:2)
  2 bats
  A goblin (D:1)
  2 hobgoblins
  A frilled lizard (D:1)
  2 kobolds (D:1)
16 creatures vanquished.

Notes
Turn   | Place    | Note
-------+----------+-------------------------------------------
     0 | D:1      | tidbits the Gnoll Earth Elementalist began the quest for the Orb.
     0 | D:1      | Reached XP level 1. HP: 13/13 MP: 6/6
    49 | D:2      | Noticed Jessica
    51 | D:2      | Killed Jessica
    51 | D:2      | Reached skill level 5 in Spellcasting
    51 | D:2      | Reached skill level 2 in Transmutations
    51 | D:2      | Reached XP level 2. HP: 20/20 MP: 6/8
    51 | D:2      | Reached XP level 3. HP: 25/25 MP: 6/9
    55 | D:2      | Learned a level 2 spell: Passwall
    67 | D:2      | Reached skill level 1 in Fighting
    67 | D:2      | Reached skill level 1 in Short Blades
    67 | D:2      | Reached skill level 1 in Long Blades
    67 | D:2      | Reached skill level 1 in Axes
    67 | D:2      | Reached skill level 1 in Maces & Flails
    67 | D:2      | Reached skill level 1 in Polearms
    67 | D:2      | Reached skill level 1 in Staves
    67 | D:2      | Reached skill level 1 in Slings
    67 | D:2      | Reached skill level 1 in Bows
    67 | D:2      | Reached skill level 1 in Crossbows
    67 | D:2      | Reached skill level 1 in Throwing
    67 | D:2      | Reached skill level 1 in Armour
    67 | D:2      | Reached skill level 1 in Shields
    67 | D:2      | Reached skill level 1 in Unarmed Combat
    67 | D:2      | Reached skill level 1 in Invocations
    67 | D:2      | Reached skill level 1 in Evocations
    67 | D:2      | Reached XP level 4. HP: 24/32 MP: 1/11
   138 | D:2      | Reached skill level 1 in Conjurations
   138 | D:2      | Reached skill level 1 in Hexes
   138 | D:2      | Reached skill level 1 in Charms
   138 | D:2      | Reached skill level 1 in Summonings
   138 | D:2      | Reached skill level 1 in Necromancy
   138 | D:2      | Reached skill level 1 in Translocations
   138 | D:2      | Reached skill level 1 in Fire Magic
   138 | D:2      | Reached skill level 1 in Ice Magic
   138 | D:2      | Reached skill level 1 in Air Magic
   138 | D:2      | Reached skill level 1 in Poison Magic
   220 | D:2      | Quit the game

Skill      XL: |  1  2  3  4 |
---------------+-------------+-----
Spellcasting   | 5 |  5.1
Transmutations | 2 |  2.3
Fighting       | 1 |  1.2
Short Blades   | 1 |  1.2
Long Blades    | 1 |  1.2
Axes           | 1 |  1.2
Maces & Flails | 1 |  1.2
Polearms       | 1 |  1.2
Staves         | 1 |  1.2
Slings         | 1 |  1.2
Bows           | 1 |  1.2
Crossbows      | 1 |  1.2
Throwing       | 1 |  1.2
Armour         | 1 |  1.2
Shields        | 1 |  1.2
Unarmed Combat | 1 |  1.2
Invocations    | 1 |  1.3
Evocations     | 1 |  1.2
Conjurations   | 1 |  1.0
Hexes          | 1 |  1.0
Charms         | 1 |  1.0
Summonings     | 1 |  1.0
Necromancy     | 1 |  1.0
Translocations | 1 |  1.0
Fire Magic     | 1 |  1.0
Ice Magic      | 1 |  1.0
Air Magic      | 1 |  1.0
Poison Magic   | 1 |  1.0
Dodging        | |  4.7
Stealth        | |  4.3
Earth Magic    | |  5.5

Action                   |  1- 3 |  4- 6 || total
-------------------------+-------+-------++-------
Melee: Dagger            |       |     1 ||     1
       Unarmed           |       |     1 ||     1
 Cast: Sandblast         |     7 |    17 ||    24
  Use: Scroll            |       |     1 ||     1
 Stab: Sleeping          |       |     1 ||     1
Armor: Robe              |       |     4 ||     4
Dodge: Dodged            |     1 |    17 ||    18

Table legend:
 A = Turns spent in this place as a percentage of turns spent in the entire game.
 B = Non-inter-level travel turns spent in this place as a percentage of non-inter-level travel turns spent in the entire game.
 C = Inter-level travel turns spent in this place as a percentage of turns spent in this place.
 D = Turns resting spent in this place as a percentage of non-inter-level travel turns spent in this place.
 E = Turns spent auto-exploring this place as a percentage of non-inter-level travel turns spent in this place.
 F = Non-inter-level travel turns spent in this place divided by the number of levels of this place that you've seen.
                   A       B       C       D       E      F
               +-------+-------+-------+-------+-------+----------------------
         Total | 100.0 | 100.0 |   0.0 |   0.0 |   0.0 | 110.0
       Dungeon | 100.0 | 100.0 |   0.0 |   0.0 |   0.0 | 110.0
               +-------+-------+-------+-------+-------+----------------------

Table legend:
 A = Kills in this place as a percentage of kills in entire the game.
 B = Kills by you in this place as a percentage of kills by you in the entire game.
 C = Kills by friends in this place as a percentage of kills by friends in the entire game.
 D = Other kills in this place as a percentage of other kills in the entire game.
 E = Experience gained in this place as a percentage of experience gained in the entire game.
 F = Experience gained in this place divided by the number of levels of this place that you have seen.
                   A       B       C       D       E      F
               +-------+-------+-------+-------+-------+----------------------
         Total | 100.0 | 100.0 |   N/A |   N/A | 100.0 |  75.0
       Dungeon | 100.0 | 100.0 |   N/A |   N/A | 100.0 |  75.0
               +-------+-------+-------+-------+-------+----------------------

Vault maps used:
D:1:      dpeg_arrival_rooms_c
D:2:      first_ration, uniq_crazy_yiuf_cottage, uniq_jessica
